 Dungeon Crawl Stone Soup version 0.15.0-13-gb296d5c (webtiles) character file.

5601 Kex the Grappler (level 10, -6/100 HPs)
             Began as a Troll Monk on Sept 3, 2014.
             Was an Elder of the Shining One.
             Mangled by a sun demon (14 damage)
             ... summoned by a kobold demonologist
             ... on Level 9 of the Dungeon.
             The game lasted 00:48:37 (8886 turns).

Kex the Grappler (Troll Monk)                       Turns: 8886, Time: 00:48:40

HP  -6/100       AC  7     Str 24      XL: 10   Next: 45%
MP   1/4         EV 15     Int  6      God: the Shining One [****..]
Gold 314         SH  7     Dex 17      Spells:  0 memorised,  9 levels left

rFire  . . .     SeeInvis .       - Unarmed
rCold  . . .     Clarity  .     a - +0 robe (curse)
rNeg   + + .     rCorr    .     (shield restricted)
rPois  .         rRot     .     (helmet restricted)
rElec  .         Spirit   .     h - +1 cloak
SustAb .         Warding  .     (gloves unavailable)
rMut   .         Stasis   .     (boots unavailable)
Gourm  +                        (no amulet)
MR     .....                    l - ring "Claxeiq" {Dex+2 Stlth+}
                                t - cursed +3 ring of strength

@: divine shield, glowing, not resistant to hostile enchantments, very
unstealthy
A: unfitting armour, claws 3, hooves 1, fast metabolism 3, gourmand,
regeneration 2, saprovore 2, shaggy fur 1, tough skin 2
a: Divine Shield, Cleansing Flame, Renounce Religion


You were on level 9 of the Dungeon.
You worshipped the Shining One.
The Shining One was greatly pleased with you.
You were very full.

You visited 1 branch of the dungeon, and saw 9 of its levels.

You collected 409 gold pieces.
You spent 95 gold pieces at shops.

Inventory:

Armour
 a - a cursed +0 robe (worn)
 h - a +1 cloak (worn)
Magical devices
 d - a wand of invisibility (2) {unknown}
 e - a wand of frost (9)
 r - a wand of lightning (3)
 u - a wand of fireball (4) {unknown}
Comestibles
 b - 5 meat rations
 c - a chunk of centaur flesh
 f - 7 beef jerkies
 g - 6 royal jellies
 j - 4 bread rations
 p - 6 fruits
 q - 3 rotting chunks of gnoll flesh
 s - a rotting chunk of adder flesh
 v - 2 rotting chunks of orc flesh
 w - a rotting chunk of gnoll flesh
 x - 2 rotting chunks of orc flesh
Scrolls
 i - 3 scrolls of remove curse
 m - a scroll of immolation
 y - a scroll of fear
Jewellery
 l - the ring "Claxeiq" (right claw) {Dex+2 Stlth+}
   (You found it on level 4 of the Dungeon)

   [ring of dexterity]

   It affects your dexterity (+2).
   It makes you more stealthy.
 o - an uncursed ring of protection from magic
 t - a cursed +3 ring of strength (left claw)
Potions
 k - a potion of porridge
 n - a potion of might


   Skills:
 + Level 6.7 Fighting
 + Level 8.4 Dodging
 + Level 2.7 Stealth
 + Level 10.1 Unarmed Combat
 + Level 0.3 Invocations


You had 9 spell levels left.
You didn't know any spells.

Dungeon Overview and Level Annotations

Branches:
Dungeon (9/15)             Temple (0/1) D:6            Lair (0/8) D:8
    Orc: D:9-12

Altars:
Cheibriados
Dithmenos
Elyvilon
Makhleb
Okawaru
Sif Muna
Vehumet
Xom
The Shining One

Shops:
D:4 }   D:5 *   D:7 (

Annotations:
D:9 exclusion: statue


Innate Abilities, Weirdness & Mutations

You are too large for most types of armour.
You have claws for hands.
Your metabolism is lightning-fast.
You like to eat raw meat.
You heal very quickly.
You can eat rotten meat.
You are covered in fur (AC +1).
You have very tough skin (AC +2).
You have large cloven feet.


Message History

Use which ability? (? or * to list)
Okay, then.
Use which ability? (? or * to list)
A divine shield forms around you!
You feel slightly less full. The sun demon misses you. The big kobold hits you.
You block the kobold demonologist's attack.
The sun demon misses you.
You scratch the kobold demonologist.
You kick the kobold demonologist, but do no damage.
The kobold demonologist is lightly wounded.
You block the big kobold's attack.
The kobold demonologist closely misses you.
The sun demon hits you.
You are engulfed in flames!
You scratch the kobold demonologist but do no damage.
Your kick misses the kobold demonologist.
The kobold demonologist is moderately wounded.
The big kobold closely misses you. The sun demon hits you!!
* * * LOW HITPOINT WARNING * * *
You are engulfed in flames!
You die...

##########....#.......#.##
...........#..#########.#
..........##............#
#..)......######......###
##........# ######.#
#()).....# #.# ##........#
### #.### #.........#
###K###...#
...##.....#####3@KKK.##
..####......#..###K..# (.#
####.....## ##.## .##
#...### .# ## ##.## .# #
#.# K# #.# K# #.# K# #(#


KK You could see a sun demon, a kobold demonologist (bleeding), a big kobold and
3 kobolds.

Vanquished Creatures
  An iron devil (D:9)
  A kobold demonologist (D:9)
  Grinder (D:5)
  3 basilisks (D:8)
  A hungry ghost (D:6)
  A soldier ant (D:8)
  A hippogriff (D:8)
  2 ice beasts
  3 phantoms
  A black bear (D:6)
  3 porcupines (D:8)
  3 orc warriors (D:7)
  4 centaurs
  3 ogres (D:5)
  A boring beetle (D:8)
  Sigmund (D:5)
  2 big kobolds (D:9)
  2 crocodiles (D:8)
  The ghost of salade2fruit the Magician, an average DEFE (D:3)
  2 gnoll sergeants
  A giant frog (D:6)
  2 scorpions (D:7)
  4 crimson imps
  5 goliath beetles
  4 orc priests
  A hound (D:4)
  3 iguanas
  2 jellies
  7 worker ants
  5 orc wizards
  10 sheep (D:8)
  A killer bee zombie (D:8)
  A sky beast zombie (D:5)
  An ogre skeleton (D:9)
  A hound skeleton (D:6)
  2 mummies
  6 adders
  18 gnolls
  5 green rats (D:8)
  6 orc zombies (D:7)
  7 shadow imps
  2 giant mites (D:7)
  2 worms
  An iguana skeleton (D:7)
  4 orc skeletons
  6 giant geckos
  24 orcs
  A ball python (D:6)
  12 bats
  A bat skeleton (D:4)
  5 giant cockroaches
  19 hobgoblins
  8 jackals
  11 kobolds
  10 giant newts
  5 goblins
  A hobgoblin skeleton (D:8)
  2 hobgoblin zombies (D:7)
  A kobold zombie (D:7)
  5 quokkas
  13 rats
  A butterfly (D:7)
263 creatures vanquished.

Notes
Turn   | Place    | Note
--------------------------------------------------------------
     0 | D:1      | Kex, the Troll Monk, began the quest for the Orb.
     0 | D:1      | Reached XP level 1. HP: 22/22 MP: 1/1
   661 | D:1      | Reached XP level 2. HP: 29/29 MP: 1/1
   720 | D:1      | You fall through a shaft!
   778 | D:2      | Found a burning altar of Makhleb.
   852 | D:2      | Reached XP level 3. HP: 29/36 MP: 2/2
  1186 | D:2      | Found a shimmering altar of Xom.
  1783 | D:3      | Found a glowing golden altar of the Shining One.
  1786 | D:3      | Became a worshipper of the Shining One
  1786 | D:3      | Acquired the Shining One's first power
  1786 | D:3      | Acquired the Shining One's second power
  1825 | D:3      | Found a snail-covered altar of Cheibriados.
  2028 | D:3      | Noticed salade2fruit's ghost (average DEFE)
  2033 | D:3      | Killed salade2fruit's ghost
  2033 | D:3      | Reached XP level 4. HP: 22/44 MP: 2/2
  2034 | D:3      | Found a white marble altar of Elyvilon.
  2773 | D:3      | Reached XP level 5. HP: 51/53 MP: 2/2
  2843 | D:4      | Reached skill level 5 in Unarmed Combat
  2848 | D:4      | Got a crude lapis lazuli ring
  2849 | D:4      | Identified the ring "Claxeiq" {Dex+2 Stlth+} (You found it on level 4 of the Dungeon)
  2939 | D:4      | Noticed a phantom
  2960 | D:4      | Killed a phantom
  2960 | D:4      | Reached XP level 6. HP: 56/61 MP: 3/3
  3149 | D:4      | Found Schimnio's Gadget Emporium.
  3593 | D:4      | Noticed a phantom
  3620 | D:4      | Killed a phantom
  4170 | D:5      | Entered Level 5 of the Dungeon
  4201 | D:5      | Reached XP level 7. HP: 53/70 MP: 3/3
  4289 | D:5      | Noticed Sigmund
  4302 | D:5      | Reached skill level 6 in Unarmed Combat
  4315 | D:5      | Killed Sigmund
  4430 | D:5      | Noticed Grinder
  4441 | D:5      | Paralysed by Grinder for 4 turns
  4450 | D:5      | Killed Grinder
  4450 | D:5      | Reached skill level 5 in Dodging
  4450 | D:5      | Reached XP level 8. HP: 36/79 MP: 3/3
  4523 | D:5      | Reached skill level 7 in Unarmed Combat
  4736 | D:5      | Found a deep blue altar of Sif Muna.
  4934 | D:5      | Found Usedarr's Assorted Antiques.
  4937 | D:5      | Bought a copper ring for 95 gold pieces
  5219 | D:6      | Reached skill level 5 in Fighting
  5481 | D:6      | Found a staircase to the Ecumenical Temple.
  5878 | D:7      | Reached XP level 9. HP: 85/88 MP: 4/4
  6166 | D:7      | Found an iron altar of Okawaru.
  6242 | D:7      | Reached skill level 8 in Unarmed Combat
  6480 | D:7      | Found Coimoa's Weapon Shop.
  7209 | D:7      | Found a shadowy altar of Dithmenos.
  7496 | D:8      | Acquired the Shining One's third power
  7507 | D:8      | Reached skill level 9 in Unarmed Combat
  7550 | D:8      | Reached XP level 10. HP: 92/98 MP: 4/4
  7709 | D:8      | Found a staircase to the Lair.
  8581 | D:9      | Gained mutation: You have large cloven feet. [potion of beneficial mutation]
  8688 | D:9      | Found a radiant altar of Vehumet.
  8873 | D:9      | Reached skill level 10 in Unarmed Combat
  8879 | D:9      | Noticed a sun demon
  8886 | D:9      | Mangled by a sun demon

Action                   |  1- 3 |  4- 6 |  7- 9 | 10-12 || total
-------------------------+-------+-------+-------+-------++-------
Melee: Unarmed           |    90 |   117 |   396 |   147 ||   750
Invok: Divine Shield     |       |       |     1 |     1 ||     2
  Use: Scroll            |     1 |     1 |    10 |     1 ||    13
       Potion            |       |       |     7 |     2 ||     9
 Stab: Sleeping          |       |       |     1 |     2 ||     3
       Distracted        |       |       |     1 |       ||     1
  Eat: Chunk             |    19 |    22 |    30 |    14 ||    85
